[ AOE2 MATCH · #506548137 ]
UnrankedTupi vs Malay
Player's team · WIN
Rival team · LOSS
[ REPLAY ANALYSIS · EXTRACTED FROM THE RECORDED GAME ]
Feudal
9:15
Castle
22:02
Imperial
—
| APM avg | 66.4 |
| APM peak | 104 |
| eAPM avg | 37.3 |
| Villagers / military | 75 / 16 |
Focus
⚔️ 69.1% · 🌾 30.9%
Unknown (2550) ×55 · Archer ×14 · Mangonel ×2
Feudal
10:28
Castle
21:54
Imperial
—
| APM avg | 77.3 |
| APM peak | 120 |
| eAPM avg | 34.8 |
| Villagers / military | 61 / 59 |
Focus
⚔️ 61.8% · 🌾 38.2%
Archer ×49 · Militia ×5 · Skirmisher ×5
Match map
Initial resources + every placement click. Lines = walls · curves = elevation contours. ◆ gold · ⬟ stone · ● berries · ✦ relic · ◌ wall gap
Your base· Open — 6t gap
Muzio's base· Open — 5t gap
Smoothed initial terrain · ◌ = detected wall gap · hover for details
Inputs per minute
— Emu Warrior - - Muzio
Build order — Emu Warrior
First 150 of 245 actions detected
| 0:00 | Queue | Villager (Male) |
| 0:00 | Queue | Villager (Male) |
| 0:00 | Queue | Villager (Male) |
| 0:01 | Queue | Villager (Male) |
| 0:02 | Build | House |
| 0:03 | Build | House |
| 1:10 | Queue | Villager (Male) |
| 1:27 | Queue | Villager (Male) |
| 1:44 | Build | Settlement |
| 1:58 | Queue | Villager (Male) |
| 2:15 | Queue | Villager (Male) |
| 2:15 | Queue | Villager (Male) |
| 2:54 | Queue | Villager (Male) |
| 3:42 | Queue | Villager (Male) |
| 3:42 | Queue | Villager (Male) |
| 4:19 | Queue | Villager (Male) |
| 4:57 | Queue | Villager (Male) |
| 5:12 | Build | House |
| 5:18 | Queue | Villager (Male) |
| 5:38 | Build | Barracks |
| 5:48 | Queue | Villager (Male) |
| 5:48 | Queue | Villager (Male) |
| 5:49 | Research | Loom |
| 6:23 | Build | Palisade Wall |
| 6:24 | Build | Palisade Wall |
| 6:25 | Build | Palisade Wall |
| 7:01 | Research | Feudal Age |
| 7:17 | Build | Settlement |
| 7:29 | Queue | Unit 2550 |
| 7:39 | Queue | Unit 2550 |
| 7:46 | Queue | Villager (Male) |
| 8:22 | Queue | Villager (Male) |
| 8:25 | Queue | Unit 2550 |
| 9:15 | Age | Feudal Age |
| 9:25 | Research | Tech 1402 |
| 9:38 | Queue | Villager (Male) |
| 9:41 | Research | Double-Bit Axe |
| 9:45 | Build | Archery Range |
| 9:55 | Build | House |
| 10:00 | Queue | Villager (Male) |
| 10:04 | Build | Palisade Wall |
| 10:04 | Build | Palisade Wall |
| 10:05 | Build | Palisade Wall |
| 10:06 | Build | Palisade Wall |
| 10:08 | Build | Palisade Wall |
| 10:14 | Build | Palisade Wall |
| 10:15 | Build | Palisade Wall |
| 10:15 | Build | Palisade Wall |
| 10:16 | Build | Palisade Wall |
| 10:21 | Queue | Villager (Male) |
| 10:38 | Queue | Archer |
| 10:55 | Queue | Archer |
| 10:59 | Build | Farm |
| 11:01 | Queue | Villager (Male) |
| 11:02 | Queue | Villager (Male) |
| 11:05 | Build | Palisade Wall |
| 11:05 | Build | Palisade Wall |
| 11:06 | Build | Palisade Wall |
| 11:08 | Build | Palisade Wall |
| 11:16 | Queue | Villager (Male) |
| 11:17 | Build | Farm |
| 11:22 | Queue | Archer |
| 11:22 | Queue | Archer |
| 11:32 | Build | House |
| 11:34 | Build | Palisade Wall |
| 11:42 | Queue | Villager (Male) |
| 11:44 | Build | Farm |
| 12:10 | Queue | Villager (Male) |
| 12:13 | Queue | Archer |
| 12:21 | Build | Settlement |
| 12:28 | Queue | Unit 2550 |
| 12:34 | Build | Farm |
| 13:12 | Queue | Villager (Male) |
| 13:13 | Queue | Villager (Male) |
| 13:19 | Build | Farm |
| 13:20 | Build | Farm |
| 13:21 | Build | Farm |
| 13:24 | Queue | Archer |
| 13:32 | Queue | Unit 2550 |
| 14:15 | Queue | Archer |
| 14:19 | Queue | Villager (Male) |
| 14:20 | Queue | Villager (Male) |
| 14:21 | Build | Blacksmith |
| 14:23 | Build | Farm |
| 14:24 | Queue | Archer |
| 14:26 | Build | House |
| 14:40 | Queue | Villager (Male) |
| 14:53 | Queue | Archer |
| 14:53 | Queue | Archer |
| 15:01 | Queue | Villager (Male) |
| 15:03 | Build | Farm |
| 15:04 | Build | Farm |
| 15:16 | Research | Fletching |
| 15:38 | Queue | Villager (Male) |
| 15:48 | Queue | Archer |
| 15:48 | Queue | Villager (Male) |
| 15:49 | Build | Market |
| 15:59 | Queue | Villager (Male) |
| 16:01 | Build | Farm |
| 16:02 | Queue | Villager (Male) |
| 16:05 | Build | House |
| 16:06 | Queue | Villager (Male) |
| 16:13 | Build | Palisade Wall |
| 16:29 | Queue | Villager (Male) |
| 16:29 | Queue | Unit 2550 |
| 16:33 | Build | Farm |
| 16:35 | Build | Farm |
| 16:41 | Queue | Archer |
| 16:47 | Queue | Villager (Male) |
| 16:50 | Build | House |
| 16:53 | Queue | Archer |
| 16:54 | Queue | Unit 2550 |
| 17:01 | Queue | Villager (Male) |
| 17:04 | Build | Palisade Wall |
| 17:07 | Build | Farm |
| 17:11 | Queue | Villager (Male) |
| 17:20 | Queue | Villager (Male) |
| 17:24 | Build | House |
| 17:24 | Build | House |
| 17:30 | Queue | Archer |
| 17:33 | Queue | Unit 2550 |
| 17:34 | Queue | Villager (Male) |
| 17:38 | Build | House |
| 18:23 | Build | Palisade Wall |
| 18:25 | Build | Palisade Gate |
| 18:31 | Build | House |
| 18:34 | Build | House |
| 18:35 | Build | Palisade Wall |
| 18:36 | Build | Palisade Wall |
| 19:22 | Research | Castle Age |
| 19:26 | Build | Barracks |
| 19:28 | Build | Barracks |
| 19:29 | Build | Farm |
| 19:42 | Research | Scale Mail Armor |
| 20:00 | Queue | Villager (Male) |
| 20:04 | Research | Horse Collar |
| 20:12 | Queue | Unit 2550 |
| 20:33 | Queue | Unit 2550 |
| 20:34 | Build | Barracks |
| 20:36 | Build | Farm |
| 21:06 | Build | House |
| 21:08 | Queue | Villager (Male) |
| 21:14 | Build | Settlement |
| 21:18 | Queue | Unit 2550 |
| 21:18 | Queue | Unit 2550 |
| 21:18 | Queue | Unit 2550 |
| 21:24 | Research | Forging |
| 21:35 | Build | Farm |
| 22:02 | Age | Castle Age |
| 22:05 | Research | Tech 1351 |
Build order — Muzio
First 150 of 194 actions detected
| 0:00 | Queue | Villager (Male) |
| 0:02 | Build | House |
| 0:02 | Build | House |
| 0:13 | Queue | Villager (Male) |
| 0:13 | Queue | Villager (Male) |
| 0:14 | Queue | Villager (Male) |
| 1:26 | Queue | Villager (Male) |
| 1:46 | Build | Lumber Camp |
| 1:57 | Queue | Villager (Male) |
| 2:13 | Queue | Villager (Male) |
| 2:45 | Queue | Villager (Male) |
| 3:04 | Queue | Villager (Male) |
| 3:31 | Queue | Villager (Male) |
| 3:51 | Build | House |
| 4:05 | Queue | Villager (Male) |
| 4:05 | Queue | Villager (Male) |
| 4:30 | Build | House |
| 4:33 | Queue | Villager (Male) |
| 4:35 | Queue | Villager (Male) |
| 4:50 | Build | Barracks |
| 5:14 | Queue | Villager (Male) |
| 5:39 | Queue | Villager (Male) |
| 5:52 | Queue | Militia |
| 5:54 | Queue | Militia |
| 5:55 | Queue | Villager (Male) |
| 6:08 | Build | Mill |
| 6:18 | Queue | Militia |
| 6:20 | Queue | Villager (Male) |
| 6:31 | Queue | Villager (Male) |
| 6:32 | Queue | Villager (Male) |
| 6:50 | Build | House |
| 6:56 | Queue | Villager (Male) |
| 6:56 | Queue | Villager (Male) |
| 6:57 | Queue | Villager (Male) |
| 7:41 | Build | Mining Camp |
| 8:13 | Research | Loom |
| 9:09 | Research | Feudal Age |
| 9:12 | Queue | Militia |
| 9:12 | Queue | Militia |
| 9:35 | Build | House |
| 9:40 | Build | Farm |
| 9:43 | Build | Mill |
| 10:06 | Build | Farm |
| 10:08 | Build | Farm |
| 10:09 | Queue | Villager (Male) |
| 10:12 | Build | House |
| 10:27 | Build | Palisade Wall |
| 10:28 | Build | Palisade Wall |
| 10:28 | Age | Feudal Age |
| 10:30 | Build | Palisade Wall |
| 10:38 | Research | Man-at-Arms (upgrade) |
| 10:38 | Research | Man-at-Arms (upgrade) |
| 10:46 | Build | Archery Range |
| 10:56 | Build | House |
| 10:58 | Build | House |
| 11:00 | Build | Palisade Wall |
| 11:04 | Build | House |
| 11:07 | Build | Palisade Wall |
| 11:10 | Queue | Villager (Male) |
| 11:31 | Queue | Archer |
| 11:31 | Queue | Archer |
| 11:40 | Queue | Villager (Male) |
| 11:43 | Build | Farm |
| 11:55 | Queue | Villager (Male) |
| 12:02 | Build | Farm |
| 12:05 | Build | Farm |
| 12:19 | Build | Farm |
| 12:29 | Queue | Villager (Male) |
| 12:35 | Queue | Archer |
| 12:35 | Queue | Skirmisher |
| 12:47 | Queue | Villager (Male) |
| 12:47 | Queue | Villager (Male) |
| 12:54 | Build | Palisade Wall |
| 13:10 | Queue | Archer |
| 13:15 | Queue | Villager (Male) |
| 13:31 | Build | Blacksmith |
| 13:37 | Build | Palisade Wall |
| 13:52 | Build | Watch Tower |
| 14:10 | Queue | Skirmisher |
| 14:12 | Queue | Villager (Male) |
| 14:16 | Queue | Villager (Male) |
| 14:19 | Research | Fletching |
| 14:19 | Research | Padded Archer Armor |
| 14:21 | Queue | Skirmisher |
| 14:41 | Queue | Skirmisher |
| 14:44 | Build | House |
| 14:46 | Build | Palisade Wall |
| 14:47 | Build | Palisade Wall |
| 15:00 | Queue | Skirmisher |
| 15:02 | Queue | Villager (Male) |
| 15:29 | Build | House |
| 15:31 | Build | House |
| 15:38 | Queue | Villager (Male) |
| 15:42 | Queue | Villager (Male) |
| 15:43 | Queue | Archer |
| 16:02 | Queue | Villager (Male) |
| 16:14 | Queue | Archer |
| 16:31 | Queue | Villager (Male) |
| 16:55 | Build | Lumber Camp |
| 16:56 | Queue | Villager (Male) |
| 17:01 | Queue | Archer |
| 17:09 | Build | House |
| 17:11 | Build | Palisade Wall |
| 17:18 | Build | Farm |
| 17:19 | Queue | Villager (Male) |
| 17:26 | Build | House |
| 17:37 | Build | Farm |
| 17:37 | Queue | Villager (Male) |
| 17:41 | Build | Farm |
| 18:03 | Build | House |
| 18:21 | Build | Farm |
| 18:23 | Build | Farm |
| 18:24 | Queue | Villager (Male) |
| 18:26 | Build | Farm |
| 18:41 | Build | Outpost |
| 18:44 | Queue | Archer |
| 18:51 | Queue | Villager (Male) |
| 19:05 | Queue | Archer |
| 19:20 | Build | Farm |
| 19:21 | Queue | Villager (Male) |
| 19:25 | Build | Farm |
| 19:25 | Build | Farm |
| 19:40 | Build | Palisade Wall |
| 19:54 | Build | Archery Range |
| 19:57 | Queue | Archer |
| 20:18 | Research | Castle Age |
| 20:20 | Queue | Archer |
| 20:20 | Queue | Archer |
| 20:20 | Queue | Archer |
| 20:51 | Queue | Archer |
| 20:52 | Queue | Archer |
| 20:52 | Queue | Archer |
| 21:02 | Build | Archery Range |
| 21:19 | Research | Horse Collar |
| 21:21 | Build | Farm |
| 21:30 | Build | House |
| 21:41 | Build | Farm |
| 21:48 | Build | Farm |
| 21:54 | Age | Castle Age |
| 21:54 | Research | Bodkin Arrow |
| 21:57 | Queue | Villager (Male) |
| 21:58 | Queue | Archer |
| 21:59 | Queue | Archer |
| 21:59 | Queue | Archer |
| 22:49 | Research | Crossbowman (upgrade) |
| 22:51 | Queue | Archer |
| 22:51 | Queue | Archer |
| 22:51 | Queue | Archer |
| 22:55 | Build | House |
| 23:02 | Queue | Archer |
Match timeline
| 4:50 | Muzio · first_building Barracks |
| 5:38 | Emu Warrior · first_building Barracks |
| 6:23 | Emu Warrior · wall_segment Palisade Wall x1 |
| 6:24 | Emu Warrior · wall_segment Palisade Wall x1 |
| 6:25 | Emu Warrior · wall_segment Palisade Wall x1 |
| 9:15 | Emu Warrior · age_up feudal |
| 9:45 | Emu Warrior · first_building Archery Range |
| 10:04 | Emu Warrior · wall_segment Palisade Wall x1 |
| 10:04 | Emu Warrior · wall_segment Palisade Wall x1 |
| 10:05 | Emu Warrior · wall_segment Palisade Wall x1 |
| 10:06 | Emu Warrior · wall_segment Palisade Wall x1 |
| 10:08 | Emu Warrior · wall_segment Palisade Wall x1 |
| 10:14 | Emu Warrior · wall_segment Palisade Wall x1 |
| 10:15 | Emu Warrior · wall_segment Palisade Wall x1 |
| 10:15 | Emu Warrior · wall_segment Palisade Wall x1 |
| 10:16 | Emu Warrior · wall_segment Palisade Wall x1 |
| 10:27 | Muzio · wall_segment Palisade Wall x1 |
| 10:28 | Muzio · wall_segment Palisade Wall x1 |
| 10:28 | Muzio · age_up feudal |
| 10:30 | Muzio · wall_segment Palisade Wall x1 |
| 10:46 | Muzio · first_building Archery Range |
| 11:00 | Muzio · wall_segment Palisade Wall x1 |
| 11:05 | Emu Warrior · wall_segment Palisade Wall x1 |
| 11:05 | Emu Warrior · wall_segment Palisade Wall x1 |
| 11:06 | Emu Warrior · wall_segment Palisade Wall x1 |
| 11:07 | Muzio · wall_segment Palisade Wall x1 |
| 11:08 | Emu Warrior · wall_segment Palisade Wall x1 |
| 11:34 | Emu Warrior · wall_segment Palisade Wall x1 |
| 12:54 | Muzio · wall_segment Palisade Wall x5 |
| 13:37 | Muzio · wall_segment Palisade Wall x6 |
| 14:46 | Muzio · wall_segment Palisade Wall x7 |
| 14:47 | Muzio · wall_segment Palisade Wall x1 |
| 16:13 | Emu Warrior · wall_segment Palisade Wall x13 |
| 17:04 | Emu Warrior · wall_segment Palisade Wall x7 |
| 17:11 | Muzio · wall_segment Palisade Wall x3 |
| 18:13 | Emu Warrior · first_market_sell 500 stone |
| 18:14 | Emu Warrior · first_market_buy 100 food |
| 18:23 | Emu Warrior · wall_segment Palisade Wall x7 |
| 18:35 | Emu Warrior · wall_segment Palisade Wall x4 |
| 18:36 | Emu Warrior · wall_segment Palisade Wall x1 |
| 19:40 | Muzio · wall_segment Palisade Wall x3 |
| 21:54 | Muzio · age_up castle |
| 22:02 | Emu Warrior · age_up castle |
| 25:07 | Emu Warrior · first_building Siege Workshop |
| 28:10 | Emu Warrior · wall_segment Palisade Wall x1 |
| 28:43 | Emu Warrior · wall_segment Palisade Wall x1 |
| 28:59 | Muzio · resign |
[ AI ANALYSIS · 1 CREDIT ]
What really happened in this match?
Wolo.gg analyzes every decision: build order, eco, micro, common mistakes by bracket. Personalized analysis on WhatsApp or Discord in 30 seconds.
Civ guide
Tupi
Perfil
Jugador #3970269